 Dungeon Crawl Stone Soup version 0.21-a0-201-g8501b10 (webtiles) character file.

248 KristoblXynda the Charmwright (level 6, -10/52 HPs)
             Began as a Naga Skald on Aug 18, 2017.
             Was an Initiate of Yredelemnul.
             Killed from afar by Ijyb (14 damage)
             ... with a wand of acid (?/15)
             ... on level 3 of the Dungeon.
             The game lasted 00:05:58 (3271 turns).

KristoblXynda the Charmwright (Naga Skald)          Turns: 3271, Time: 00:05:59

Health: -10/52     AC:  3    Str: 15    XL:     6   Next: 12%
Magic:  9/9        EV:  9    Int: 14    God:    Yredelemnul [......]
Gold:   85         SH:  0    Dex: 10    Spells: 6/9 levels left

rFire    . . .     SeeInvis +   a - +1 spear
rCold    . . .     Gourm    .   (no shield)
rNeg     . . .     Faith    .   b - +0 leather armour
rPois    +         Spirit   .   (no helmet)
rElec    .         Reflect  .   (no cloak)
rCorr    .         Harm     .   (no gloves)
MR       .....                  (no barding)
Stlth    ++........             (no amulet)
HPRegen  0.17/turn              (no ring)
MPRegen  0.11/turn              (no ring)

@: short of breath, very slow
A: see invisible, deformed body, poison resistance, slowness 2, slow metabolism
1, spit poison 1, AC +2
a: Spit Poison, Renounce Religion


You were on level 3 of the Dungeon.
You worshipped Yredelemnul.
Yredelemnul was noncommittal.
You were not hungry.

You visited 1 branch of the dungeon, and saw 3 of its levels.

You collected 85 gold pieces.

Inventory:

Hand Weapons
 a - a +1 spear (weapon)
Armour
 b - a +0 leather armour (worn)
Wands
 e - a wand of flame (0/48)
Scrolls
 i - a scroll of fog
Potions
 h - a potion of resistance
 j - a potion of curing {unknown}
Books
 c - a book of Battle

   Spells                             Type                      Level
   a - Infusion                       Charms                       1
   b - Shroud of Golubria             Charms/Translocation         2
   c - Song of Slaying                Charms                       2
   d - Spectral Weapon                Hexes/Charms                 3
   e - Regeneration                   Charms/Necromancy            3
Comestibles
 d - a bread ration
 f - a meat ration
 k - 6 royal jellies


   Skills:
 - Level 2.0 Fighting
 + Level 3.9 Polearms
 - Level 1.0 Armour
 - Level 1.5 Dodging
 + Level 4.5 Stealth
 - Level 2.0 Spellcasting
 + Level 4.6 Charms


You had 6 spell levels left.
You knew the following spells:

 Your Spells              Type           Power        Failure   Level  Hunger
a - Infusion              Chrm           ##..         4%          1    ##.....
b - Shroud of Golubria    Chrm/Tloc      #.........   17%         2    ###....


Dungeon Overview and Level Annotations

Branches:
Dungeon (3/15)

Altars:
Yredelemnul

Annotations:
D:3 Ijyb


Innate Abilities, Weirdness & Mutations

You cannot wear boots.
Your serpentine skin is tough. (AC +2)
You have supernaturally acute eyesight. (SInv)
Armour fits poorly on your strangely shaped body.
Your system is resistant to poisons. (rPois)
You cover ground very slowly.
You have a slow metabolism.
You can spit poison.


Message History

Ijyb is nearby!
Ijyb is nearby!
Press: ? - help, Shift-Dir - straight line, f - Ijyb
Aim: Ijyb, wearing a leather armour The splash of poison hits Ijyb.
Ijyb is poisoned.
Ijyb is lightly wounded.
You feel slightly more hungry.
Ijyb screams, "Die!"
Ijyb zaps a wand.
The bolt of acid hits you!
You are splashed with acid!
The acid burns!
It is a wand of acid (?/15).
Ijyb zaps a wand.
The bolt of acid hits you!
* * * LOW HITPOINT WARNING * * *
You are splashed with acid!
The acid burns!
* * * LOW HITPOINT WARNING * * *
All of the chunks of flesh in your inventory have rotted away.
You see here a club.
Unknown command.
Ijyb zaps a wand.
The bolt of acid hits you!
You die...
Your body rises from the dead as a mindless zombie.

....................#
####..####.###.###..#
#..####.###.#
#........##.#
##.#########.##
#..............
#######.######
####.#########.#
#.....@)..g.....
#.#.########.... # #.
# .. .#. .#. . ##


You could see Ijyb.

Vanquished Creatures
  Sigmund (D:2)
  An adder (D:2)
  2 worms (D:2)
  4 dart slugs
  2 leopard geckos (D:2)
  2 giant cockroaches
  4 hobgoblins
  14 jackals
  A ball python (D:1)
  4 bats
  5 frilled lizards
  8 goblins
  9 kobolds
  7 rats
64 creatures vanquished.

Notes
Turn   | Place    | Note
-------+----------+-------------------------------------------
     0 | D:1      | KristoblXynda the Naga Skald began the quest for the Orb.
     0 | D:1      | Reached XP level 1. HP: 19/19 MP: 3/3
   472 | D:1      | Reached XP level 2. HP: 22/26 MP: 5/5
   476 | D:1      | Reached skill level 1 in Armour
   785 | D:1      | Reached XP level 3. HP: 16/32 MP: 6/6
  1376 | D:1      | Reached skill level 1 in Stealth
  1836 | D:2      | Noticed Sigmund
  1847 | D:2      | Learned a level 2 spell: Shroud of Golubria
  1885 | D:2      | HP: 1/32 [jackal (3)]
  2407 | D:2      | Reached XP level 4. HP: 22/39 MP: 7/7
  2742 | D:2      | Killed Sigmund
  2742 | D:2      | Reached XP level 5. HP: 26/45 MP: 8/8
  2742 | D:2      | Reached XP level 6. HP: 31/52 MP: 9/9
  3057 | D:2      | Found a basalt altar of Yredelemnul.
  3089 | D:2      | Became a worshipper of Yredelemnul the Dark
  3267 | D:3      | Noticed Ijyb
  3271 | D:3      | Killed from afar by Ijyb

Vault maps used:
D:1:      saegor_arrival_simple_b
D:2:      nicolae_overflow_crystal_walls, nrook_mini_vaults, uniq_sigmund
D:3:      minmay_misc_feat_five, uniq_jessica, uniq_ijyb, uniq_grinder

Skill      XL: |  1  2  3  4 |
---------------+-------------+-----
Armour         | 1 |  1.0
Stealth        | 2 4 |  4.5
Polearms       | 3 |  3.9
Charms         | 4 |  4.6
Fighting       | |  2.0
Dodging        | |  1.5
Spellcasting   | |  2.0

Action                   |  1- 3 |  4- 6 || total
-------------------------+-------+-------++-------
Melee: Spear             |   176 |    81 ||   257
 Abil: Spit Poison       |    17 |     5 ||    22
  Use: Scroll            |     5 |       ||     5
       Potion            |     1 |     2 ||     3
  Eat: Chunk             |     4 |     2 ||     6
Armor: Leather armour    |    36 |    22 ||    58
       Skin              |     1 |     3 ||     4
Dodge: Dodged            |    69 |    30 ||    99
